 Dungeon Sprint DCSS version 0.25-a0-435-g4b9beb1024 (webtiles) character file.

Game seed: 1321262004729739540, levelgen mode: deterministic

23659 Baz the Devastator (level 12, -15/96 HPs)
             Began as a Pale Draconian Air Elementalist on Jan 29, 2020.
             Was the Champion of Vehumet.
             Demolished by a spark wasp (16 damage)
             ... in the Dungeon (Sprint IX: "|||||||||||||||||||||||||||||").
             The game lasted 00:15:28 (4922 turns).

Baz the Devastator (DrAE)                           Turns: 4922, Time: 00:15:29

Health: -15/96     AC: 13    Str: 11    XL:     12   Next: 73%
Magic:  15/30      EV: 14    Int: 23    God:    Vehumet [******]
Gold:   970        SH:  0    Dex: 12    Spells: 8/40 levels left

rFire    . . .     SeeInvis +   o - staff of energy
rCold    . . .     Gourm    .   (no shield)
rNeg     . . .     Faith    .   (armour unavailable)
rPois    .         Spirit   .   x - +0 hat {SInv}
rElec    .         Reflect  .   v - +0 cloak
rCorr    .         Harm     .   w - +0 pair of gloves
MR       .....     NoTele   +   F - +2 pair of boots {run}
Stlth    ++........             (no amulet)
HPRegen  0.26/turn              m - +2 ring of evasion
MPRegen  0.22/turn              n - +3 ring of intelligence

@: lethally poisoned (-15 -> -21), quick
A: breathe steam, unfitting armour, cold-blooded, AC +8
a: Breathe Steam, Renounce Religion


You were in the Dungeon.
You worshipped Vehumet.
Vehumet was exalted by your worship.
You were not hungry.

You visited 1 branch You collected 1923 gold pieces.
You spent 953 gold pieces at shops.

Inventory:

Hand Weapons
 a - a +0 dagger
 p - a +2 rapier of draining
 A - the +8 trident of Xom's Delight {venom, Int+3}
   (You bought it in a shop in the Dungeon)

   It poisons the flesh of those it strikes.
   It affects your intelligence (+3).
Armour
 l - a +0 pair of boots
 v - a +0 cloak (worn)
 w - a +0 pair of gloves (worn)
 x - a +0 hat of see invisible (worn)
 F - a +2 pair of boots of running (worn)
Magical Staves
 o - an uncursed staff of energy (weapon)
Jewellery
 m - a +2 ring of evasion (left hand)
 n - a +3 ring of intelligence (right hand)
 B - an uncursed ring of ice
 C - an uncursed ring of protection from magic
 D - an uncursed ring of protection from magic
 E - an uncursed ring of protection from cold
Wands
 k - a wand of acid (9)
Scrolls
 h - 3 scrolls of blinking
 i - 4 scrolls of remove curse
 j - 3 scrolls of amnesia
 s - 2 scrolls of fog
 t - a scroll of fear
 u - 6 scrolls of enchant weapon
 y - a scroll of immolation
Potions
 c - 6 potions of curing
 d - 3 potions of might
 f - 2 potions of berserk rage
 g - 8 potions of heal wounds
 q - a potion of haste
 z - a potion of flight
 G - a potion of brilliance
Comestibles
 b - 10 rations


   Skills:
 - Level 6.1 Fighting
 - Level 1.7 Dodging
 - Level 1.7 Stealth
 + Level 14.8 Spellcasting
 * Level 17.3 Conjurations
 - Level 9.0 Summonings
 * Level 16.5 Fire Magic
 - Level 14.9 Air Magic


You had 8 spell levels left.
You knew the following spells:

 Your Spells              Type           Power        Failure   Level  Hunger
a - Shock                 Conj/Air       ####         0%          1    None
b - Lightning Bolt        Conj/Air       ######....   1%          5    None
c - Airstrike             Air            ######....   1%          4    None
d - Static Discharge      Conj/Air       ######..     0%          3    None
e - Swiftness             Chrm/Air       ######..     1%          2    None
f - Conjure Flame         Conj/Fire      #######.     0%          3    None
g - Spellforged Servitor  Conj/Summ      ######....   3%          7    None
h - Orb of Destruction    Conj           #######...   1%          7    None

Your spell library contained the following spells:

 Spells                   Type           Power        Failure   Level  Hunger
 Freezing Cloud           Conj/Ice/Air   ######....   1%          6    None


Dungeon Overview and Level Annotations

Branches:
Dungeon (1/1)

Altars:
Cheibriados
Dithmenos
Elyvilon
Fedhas
Gozag
Hepliaklqana
Kikubaaqudgha
Makhleb
Nemelex Xobeh
Okawaru
Qazlal
Ru
Sif Muna
Trog
Uskayaw
Vehumet
Wu Jian
Xom
Yredelemnul
Zin
The Shining One
Beogh
Jiyva
Lugonu

Shops:
D %%(*


Innate Abilities, Weirdness & Mutations

You can breathe blasts of scalding, opaque steam.
Your pale cyan-grey scales are hard. (AC +8)
You cannot fit into any form of body armour.
You are cold-blooded and may be slowed by cold attacks.


Message History

Your spellforged servitor resists.
Your spellforged servitor is destroyed!
The spark wasp closely misses you.
Unknown command.
Casting: Airstrike (safe; 1% risk of failure)
Confirm with . or Enter, or press ? or * to list all spells.
Aiming: Airstrike (safe; 1% risk of failure)
Press: ? - help, Dir - move target cursor, f/p - spark wasp
Aim: a spark wasp (moderately wounded)
The air twists around and violently strikes the spark wasp!!
The spark wasp is severely wounded.
You feel sick. The spark wasp stings you! The spark wasp shocks you!
The spark wasp stings you!!
* * * LOW HITPOINT WARNING * * *
The spark wasp shocks you!
* * * LOW HITPOINT WARNING * * *
The spark wasp stings you.
* * * LOW HITPOINT WARNING * * *
The spark wasp shocks you!
You die...

▓..........))))))).)..)....[')..
▓▓▓▓▓▓▓▓▓▓▓▓▓▓▓▓▓▓▓▓▓▓▓▓▓▓▓▓▓▓▓▓
▓...............)...............
▓.▓▓▓▓▓▓▓▓▓▓▓▓▓▓▓▓▓▓▓▓▓▓▓▓▓▓▓▓▓▓
▓.........'.....)))))))).[[[.[[[
▓▓▓▓▓▓▓▓▓▓▓▓▓▓▓▓▓▓▓▓▓▓▓▓▓▓▓▓▓▓▓▓
▓..............)................
▓.▓▓▓▓▓▓▓▓▓▓▓▓▓▓▓▓▓▓▓▓▓▓▓▓▓▓▓▓▓▓
▓.............y@ys†s..†
▓▓▓▓▓▓▓▓▓▓▓▓▓▓▓▓▓▓▓▓▓▓▓


You could see 2 spark wasps, a jumping spider and a redback.

Vanquished Creatures
  Gastronok (D)
  A fire giant (D)
  A very ugly thing (D)
  Erolcha (D)
  A deep troll earth mage (D)
  Sonja (D)
  2 lindwurms (D)
  A wizard (D)
  4 orc knights (D)
  A wolf spider (D)
  A manticore (D)
  A black mamba (D)
  2 spiny frogs (D)
  2 rime drakes (D)
  A komodo dragon (D)
  5 trolls (D)
  A hornet (D)
  3 tyrant leeches (D)
  2 hippogriffs (D)
  2 redbacks (D)
  A tarantella (D)
  3 yaks (D)
  3 wraiths (D)
  2 porcupines (D)
  An ice beast (D)
  15 orc warriors (D)
  A sky beast (D)
  A phantom (D)
  2 centaurs (D)
  A boggart (D)
  3 crocodiles (D)
  4 bullfrogs (D)
  A scorpion (D)
  2 orc wizards (D)
  A shadow imp (D)
  3 worms (D)
  An adder skeleton (D)
  A leopard gecko (D)
  8 orcs (D)
  A bat zombie (D)
  3 bats (D)
  A kobold (D)
93 creatures vanquished.

Vanquished Creatures (collateral kills)
  Rupert (D)
  Josephine (D)
  4 ogre magi (D)
  A hydra (D)
  An ice dragon (D)
  A centaur warrior (D)
  Nergalle (D)
  3 deep trolls (D)
  An efreet (D)
  5 trolls (D)
  A wraith (D)
  A hungry ghost (D)
  A quokka zombie (D)
22 creatures vanquished.

Grand Total: 115 creatures vanquished

Notes
Turn   | Place    | Note
-------+----------+-------------------------------------------
     0 | D        | Baz the Draconian Air Elementalist began the quest for the
                  | Orb.
     0 | D        | Reached XP level 1. HP: 14/14 MP: 3/3
    14 | D        | Reached skill level 2 in Conjurations
   279 | D        | Noticed a phantom
   279 | D        | Noticed a centaur
   285 | D        | Reached skill level 3 in Conjurations
   285 | D        | Reached XP level 2. HP: 16/20 MP: 2/5
   293 | D        | Killed a centaur
   293 | D        | Reached skill level 5 in Conjurations
   293 | D        | Reached XP level 3. HP: 10/26 MP: 4/8
   293 | D        | Reached XP level 4. HP: 13/33 MP: 5/10
   321 | D        | Killed a phantom
   321 | D        | Reached skill level 7 in Conjurations
   321 | D        | Reached XP level 5. HP: 24/38 MP: 1/12
   331 | D        | Learned a level 5 spell: Lightning Bolt
   440 | D        | Found a roughly hewn altar of Beogh.
   440 | D        | Found a snail-covered altar of Cheibriados.
   440 | D        | Found a shadowy altar of Dithmenos.
   440 | D        | Found a white marble altar of Elyvilon.
   440 | D        | Found a blossoming altar of Fedhas.
   440 | D        | Found an opulent altar of Gozag.
   441 | D        | Found a hazy altar of Hepliaklqana.
   442 | D        | Found a viscous altar of Jiyva.
   443 | D        | Found an ancient bone altar of Kikubaaqudgha.
   444 | D        | Found a corrupted altar of Lugonu.
   445 | D        | Found a burning altar of Makhleb.
   446 | D        | Found a sparkling altar of Nemelex Xobeh.
   447 | D        | Found an iron altar of Okawaru.
   448 | D        | Found a stormy altar of Qazlal.
   449 | D        | Found a sacrificial altar of Ru.
   450 | D        | Found a shimmering blue altar of Sif Muna.
   451 | D        | Found a bloodstained altar of Trog.
   452 | D        | Found a hide-covered altar of Uskayaw.
   453 | D        | Found a radiant altar of Vehumet.
   454 | D        | Found an ornate altar of the Wu Jian Council.
   455 | D        | Found a shimmering altar of Xom.
   456 | D        | Found a basalt altar of Yredelemnul.
   457 | D        | Found a glowing silver altar of Zin.
   458 | D        | Found a glowing golden altar of the Shining One.
   461 | D        | Became a worshipper of Vehumet
   511 | D        | Learned a level 4 spell: Airstrike
   515 | D        | Learned a level 3 spell: Static Discharge
   518 | D        | Noticed an orc warrior
   518 | D        | Noticed an orc warrior
   519 | D        | Reached skill level 5 in Spellcasting
   531 | D        | Killed an orc warrior
   531 | D        | Reached * piety under Vehumet
   531 | D        | Offered knowledge of Sandblast by Vehumet.
   531 | D        | Reached skill level 8 in Conjurations
   531 | D        | Reached XP level 6. HP: 10/45 MP: 7/14
   531 | D        | Killed an orc warrior
   531 | D        | Reached skill level 9 in Conjurations
   532 | D        | Reached ** piety under Vehumet
   532 | D        | Reached skill level 10 in Air Magic
   532 | D        | Your scales start taking on a pale cyan-grey colour.
   532 | D        | Reached XP level 7. HP: 12/50 MP: 5/16
   781 | D        | Learned a level 2 spell: Swiftness
   886 | D        | Noticed a troll
   886 | D        | Noticed a manticore
   887 | D        | Offered knowledge of Searing Ray by Vehumet.
   889 | D        | Reached skill level 10 in Conjurations
   889 | D        | Killed a manticore
   889 | D        | Reached XP level 8. HP: 54/57 MP: 3/20
   903 | D        | Killed a troll
   903 | D        | Reached *** piety under Vehumet
  1194 | D        | Noticed a spiny frog
  1194 | D        | Noticed a hippogriff
  1194 | D        | Noticed a black mamba
  1196 | D        | Offered knowledge of Conjure Flame by Vehumet.
  1196 | D        | Noticed a rime drake
  1197 | D        | Killed a spiny frog
  1197 | D        | Reached skill level 11 in Conjurations
  1197 | D        | Reached **** piety under Vehumet
  1197 | D        | Reached skill level 10 in Spellcasting
  1199 | D        | Killed a black mamba
  1199 | D        | Reached XP level 9. HP: 50/62 MP: 5/23
  1200 | D        | Killed a rime drake
  1201 | D        | Reached ***** piety under Vehumet
  1438 | D        | Learned a level 3 spell: Conjure Flame
  1442 | D        | Noticed a spiny frog
  1442 | D        | Noticed a rime drake
  1443 | D        | Offered knowledge of Mephitic Cloud by Vehumet.
  1443 | D        | Reached skill level 1 in Fighting
  1443 | D        | Killed a spiny frog
  1443 | D        | Reached skill level 12 in Conjurations
  1444 | D        | Killed a rime drake
  1444 | D        | Reached skill level 5 in Fire Magic
  1445 | D        | Reached XP level 10. HP: 77/77 MP: 15/25
  1653 | D        | Noticed a lindwurm
  1653 | D        | Noticed a lindwurm
  1654 | D        | Offered knowledge of Stone Arrow by Vehumet.
  1654 | D        | Reached ****** piety under Vehumet
  1655 | D        | Killed a lindwurm
  1655 | D        | Reached skill level 5 in Fighting
  1656 | D        | Killed a lindwurm
  1910 | D        | Offered knowledge of Spellforged Servitor by Vehumet.
  1910 | D        | Reached skill level 13 in Conjurations
  1990 | D        | Learned a level 7 spell: Spellforged Servitor
  2077 | D        | Noticed Gastronok
  2206 | D        | Killed Gastronok
  2206 | D        | Reached skill level 10 in Fire Magic
  2323 | D        | Noticed Sonja
  2325 | D        | Killed Sonja
  2325 | D        | Reached XP level 11. HP: 89/89 MP: 17/27
  2411 | D        | Noticed an orc knight
  2414 | D        | Noticed an orc knight
  2415 | D        | Killed an orc knight
  2475 | D        | Killed an orc knight
  2537 | D        | Offered knowledge of Iskenderun's Mystic Blast by Vehumet.
  2537 | D        | Reached skill level 5 in Summonings
  2852 | D        | Noticed an orc knight
  2855 | D        | Killed an orc knight
  2855 | D        | Reached skill level 14 in Conjurations
  2857 | D        | Offered knowledge of Iskenderun's Battlesphere by Vehumet.
  2879 | D        | Noticed an orc knight
  2978 | D        | Killed an orc knight
  3269 | D        | Found Xoychal's Food Emporium.
  3269 | D        | Noticed an ogre mage
  3269 | D        | Noticed a deep troll
  3269 | D        | Noticed a deep troll
  3269 | D        | Noticed an ogre mage
  3272 | D        | Killed a deep troll
  3272 | D        | Killed an ogre mage
  3275 | D        | Noticed a deep troll
  3275 | D        | Killed a deep troll
  3275 | D        | Offered knowledge of Lee's Rapid Deconstruction by Vehumet.
  3275 | D        | Killed an ogre mage
  3278 | D        | Killed a deep troll
  3283 | D        | Noticed an ogre mage
  3293 | D        | Killed an ogre mage
  3293 | D        | Reached skill level 15 in Conjurations
  3298 | D        | Found Huiwe's Food Shoppe.
  3302 | D        | Found Araq's Weapon Emporium.
  3306 | D        | Found Rumig's Assorted Antiques.
  3699 | D        | Bought a yellow potion for 19 gold pieces
  3699 | D        | Bought a scroll labeled FAUV ROURITE for 22 gold pieces
  3699 | D        | Bought a scroll of amnesia for 77 gold pieces
  3699 | D        | Bought a potion of might for 88 gold pieces
  3701 | D        | Bought the +8 trident of Xom's Delight {venom, Int+3} for
                  | 747 gold pieces
  3773 | D        | Noticed Erolcha
  3778 | D        | Killed Erolcha
  3998 | D        | Identified a +2 pair of boots of running (You found it in
                  | the Dungeon)
  4055 | D        | Noticed a centaur warrior
  4056 | D        | Noticed a seven-headed hydra
  4058 | D        | Killed a centaur warrior
  4058 | D        | Offered knowledge of Starburst by Vehumet.
  4058 | D        | Reached XP level 12. HP: 96/96 MP: 22/29
  4058 | D        | Killed a seven-headed hydra
  4064 | D        | Noticed an ice dragon
  4073 | D        | Killed an ice dragon
  4077 | D        | Noticed a brown very ugly thing
  4077 | D        | Noticed a fire giant
  4085 | D        | Killed a fire giant
  4085 | D        | Reached skill level 16 in Conjurations
  4086 | D        | Killed a brown very ugly thing
  4086 | D        | Reached skill level 15 in Fire Magic
  4133 | D        | Noticed a deep troll earth mage
  4136 | D        | Killed a deep troll earth mage
  4269 | D        | Noticed an ogre mage
  4270 | D        | Offered knowledge of Orb of Destruction by Vehumet.
  4276 | D        | Killed an ogre mage
  4386 | D        | Noticed Rupert
  4399 | D        | Killed Rupert
  4535 | D        | Learned a level 7 spell: Orb of Destruction
  4646 | D        | Noticed Josephine
  4651 | D        | Noticed Nergalle
  4654 | D        | Killed Josephine
  4654 | D        | Reached skill level 17 in Conjurations
  4659 | D        | Killed Nergalle
  4913 | D        | Noticed a spark wasp
  4914 | D        | Noticed a spark wasp
  4916 | D        | Offered knowledge of Freezing Cloud by Vehumet.
  4922 | D        | HP: 1/96 [spark wasp (6)]
  4922 | D        | Demolished by a spark wasp

Levels and vault maps discovered:
D:        linesprint [early_d, line_temple, items_1, d_10, items_2, lair_1,
          lair_end, items_3, orc_1, orc_end, items_4, d_15, swamp_1, shoals_1,
          snake_1, spider_1, d_20, vaults_1, items_5, swamp_end, shoals_end,
          snake_end, spider_end, vaults_end, d_27, items_6, zot_1, zot_end,
          crypt_end, forest_end, elf_end, slime_end, tomb_end, abyss_end,
          pan_hell_end]

Skill      XL: |  1  2  3  4  5  6  7  8  9 10 11 12 |
---------------+-------------------------------------+-----
Conjurations   | 3 5 7 8 9 10 11 12 13 15 17 | 17.3
Air Magic      | 4 6 7 9 10 12 14 | 14.9
Spellcasting   | 4 5 6 8 10 11 12 13 14 | 14.8
Fighting       | 3 6 |  6.1
Fire Magic     | 5 11 14 16 | 16.5
Summonings     | 4 7 9 |  9.0
Dodging        | |  1.7
Stealth        | |  1.7

Action                   |  1- 3 |  4- 6 |  7- 9 | 10-12 || total
-------------------------+-------+-------+-------+-------++-------
Melee: Unarmed           |    22 |       |       |       ||    22
       Tailslap          |     2 |       |       |       ||     2
       Dagger            |     3 |    11 |       |       ||    14
       Staff             |       |       |     3 |     2 ||     5
 Cast: Shock             |     9 |     9 |       |       ||    18
       Lightning Bolt    |       |     3 |    11 |    88 ||   102
       Airstrike         |       |       |     1 |    15 ||    16
       Static Discharge  |       |       |     4 |     2 ||     6
       Spellforged Servi |       |       |       |     6 ||     6
 Abil: Breathe Steam     |       |       |     1 |     1 ||     2
Evoke: Wand              |       |       |       |     1 ||     1
  Use: Potion            |     4 |     3 |       |     1 ||     8
       Scroll            |       |       |       |     2 ||     2
  Eat: Chunk             |       |       |     2 |     3 ||     5
       Ration            |       |       |       |     2 ||     2
Armor: Skin              |     8 |     1 |     3 |     8 ||    20
Dodge: Dodged            |    17 |     5 |    10 |    25 ||    57

Table legend:
 A = Non-vault XP
 B = Vault XP
 C = Vault XP percentage of total XP
 D = Non-vault monster count
 E = Vault monster count
 F = Vault count percentage of total count
                 A         B        C        D         E       F
            +---------+---------+-------+---------+---------+-------
      Total |       0 |   33799 | 100.0 |       0 |     115 | 100.0
            +---------+---------+-------+---------+---------+-------
          D |       0 |   33799 | 100.0 |       0 |     115 | 100.0
            +---------+---------+-------+---------+---------+-------
